Map: Port Aleksander LE

Players

Yocto

  • Race: Zerg Zerg
  • Spawn Location: 11:00

mischa - Winner!

  • Race: Terran Terran
  • League: Platinum
  • Spawn Location: 5:00

VOD

Have the link to the VOD?

Description

Time

  • Played on: Dec. 13, 2018, 7:33 a.m.
  • Length: 24:15
Show
View Real Time Build Order
Export as new Build Order

Yocto Zerg 

Build Orders: Pool First 

Get SALT Encoding   

  12  0:01  Drone  
  13  0:13  Overlord  
  13  0:19  Drone  
  14  0:36  Drone x3  
  17  0:59  Spawning Pool  
  17  1:02  Drone  
  17  1:17  Hatchery  
  16  1:22  Drone  
  16  1:24  Extractor  
  16  1:27  Drone  
  16  1:29  Drone  
  18  1:38  Drone  
  19  1:44  Overlord  
  19  1:53  Queen  
  21  1:58  Zergling x2  
  22  2:14  Drone  
  23  2:18  Drone  
  23  2:32  Queen, Drone x2  
  27  2:37  Queen  
  29  2:50  Drone x2  
  31  2:55  Drone  
  32  3:00  Overlord  
  32  3:12  Metabolic Boost  
  32  3:13  Queen  
  32  3:19  Drone x3  
  37  3:20  Extractor  
  36  3:27  Spine Crawler  
  36  3:28  Baneling Nest  
  36  3:30  Drone  
  36  3:32  Drone  
  36  3:49  Zergling x6  
  36  3:50  Zergling x8  
  43  4:00  Spore Crawler  
  42  4:14  Overlord x2  
  42  4:24  Overlord  
  42  4:25  Overlord  
  42  4:39  Evolution Chamber  
  42  4:40  Queen  
  42  4:45  Zergling x8  
  46  4:46  Zergling x4  
  46  4:49  Baneling x3  
  46  4:50  Baneling  
  49  4:54  Drone  
  49  4:56  Drone  
  49  4:59  Drone  
  46  5:36  Drone x8  
  46  5:37  Drone  
  55  5:49  Lair  
  44  6:23  Drone x3  
  44  6:24  Drone x7  
  44  6:25  Drone x2  
  54  6:35  Zergling x2  
  54  6:36  Zergling x2  
  56  6:44  Extractor  
  55  7:02  Spire  
  55  7:04  Drone  
  47  7:50  Queen  
  38  8:15  Corruptor x2  
  38  8:16  Corruptor x6  
  50  8:32  Overlord  
  48  8:41  Corruptor  
  46  8:43  Queen  
  50  8:53  Zergling x2  
  51  8:58  Zergling x2  
  52  9:05  Drone x2  
  52  9:06  Drone  
  55  9:17  Zergling x4  
  57  9:37  Extractor  
  56  9:40  Zerg Melee Weapons Level 1  
  56  9:42  Drone x2  
  56  9:43  Drone x5  
  63  9:50  Hatchery  
  63  9:51  Zergling x4  
  64  10:00  Zerg Flyer Weapons Level 1  
  64  10:03  Zergling x6  
  64  10:04  Zergling x2  
  68  10:14  Zergling x10  
  73  10:27  Overlord x3  
  73  10:36  Baneling x11  
  73  10:37  Baneling  
  73  10:38  Baneling  
  73  10:43  Overlord x3  
  73  10:57  Zergling x10  
  74  11:23  Zergling x18  
  72  11:35  Zergling x4  
  72  11:53  Zergling x6  
  74  12:00  Hatchery  
  74  12:01  Zergling x4  
  75  12:30  Corruptor x2  
  75  12:31  Corruptor x4  
  83  12:43  Drone x5  
  83  12:44  Drone x2  
  90  13:03  Roach Warren  
  89  13:10  Drone x5  
  89  13:11  Drone  
  95  13:21  Queen  
  97  13:27  Zerg Ground Armor Level 1  
  97  13:33  Queen, Extractor  
  98  13:34  Extractor  
  98  13:35  Drone x3  
  100  13:42  Baneling x8  
  100  13:45  Glial Reconstitution  
  100  14:08  Queen, Drone x3  
  105  14:12  Drone x2  
  105  14:13  Drone  
  108  14:23  Infestation Pit  
  107  14:30  Zergling x6  
  107  14:31  Zergling x14  
  114  14:32  Zergling x6  
  120  14:39  Zerg Flyer Armor Level 1  
  120  14:42  Hatchery  
  119  14:46  Spine Crawler x2  
  119  14:52  Drone x2  
  119  14:54  Baneling x5  
  119  14:55  Baneling x5  
  118  15:14  Overlord x4  
  118  15:18  Hive  
  104  15:36  Corruptor x4  
  112  16:06  Drone  
  112  16:07  Drone x8  
  112  16:08  Drone x3  
  124  16:26  Drone  
  124  16:27  Drone x4  
  124  16:28  Queen  
  131  16:35  Spine Crawler x2  
  129  16:40  Greater Spire  
  129  16:42  Overlord x5  
  129  16:59  Corruptor x2  
  129  17:00  Corruptor x4  
  141  17:02  Corruptor  
  143  17:11  Extractor  
  142  17:41  Extractor x2  
  142  17:43  Hatchery  
  139  17:48  Adrenal Glands  
  139  17:54  Corruptor  
  139  17:55  Corruptor x7  
  139  17:56  Corruptor x3  
  139  17:57  Corruptor  
  163  18:08  Brood Lord x2  
  163  18:09  Brood Lord  
  169  18:15  Drone x4  
  169  18:16  Drone x3  
  176  18:23  Overlord  
  176  18:24  Overlord x2  
  176  18:32  Brood Lord x2  
  176  18:34  Brood Lord  
  182  18:37  Zerg Flyer Weapons Level 2  
  182  18:56  Roach x5  
  182  18:57  Roach x4  
  200  19:14  Overseer  
  200  19:16  Pneumatized Carapace  
  200  19:30  Baneling x3  
  200  19:31  Baneling x8  
  196  19:32  Baneling x2  
  176  19:52  Corruptor x6  
  165  19:53  Corruptor x5  
  160  20:13  Brood Lord x4  
  160  20:14  Brood Lord x2  
  170  20:17  Zergling x14  
  170  20:18  Zergling x14  
  170  20:19  Zergling x4  
  186  20:27  Extractor  
  185  20:31  Queen  
  187  20:36  Zergling x4  
  187  20:37  Zergling x8  
  193  20:50  Zergling x12  
  193  20:51  Zergling x2  
  200  21:34  Baneling x7  
  200  21:35  Baneling x3  
  200  21:38  Zerg Flyer Armor Level 2  
  194  22:13  Zergling x8  
  194  22:14  Zergling x8  
  196  23:46  Corruptor x2  
Show
View Real Time Build Order
Export as new Build Order

mischa Terran - Winner!

Build Orders: Liberator Opening 

Get SALT Encoding   

  12  0:16  SCV  
  13  0:31  Supply Depot  
  13  0:34  Refinery, SCV  
  14  0:46  SCV  
  14  0:47  Refinery  
  15  0:58  Supply Depot  
  15  1:03  Barracks  
  15  1:09  SCV  
  16  1:21  SCV  
  17  1:33  SCV  
  18  1:54  Marine  
  18  1:55  Factory  
  18  1:56  SCV  
  20  2:03  Supply Depot  
  20  2:08  SCV  
  21  2:29  Barracks Reactor  
  21  2:41  Starport  
  21  2:44  Widow Mine  
  23  3:07  Widow Mine  
  23  3:08  SCV  
  23  3:12  Supply Depot  
  26  3:23  Liberator x2  
  26  3:38  Barracks Reactor  
  32  3:46  Orbital Command  
  32  3:55  Factory Reactor  
  32  4:04  Supply Depot  
  32  4:14  Liberator x2  
  38  4:48  Hellion x2  
  42  4:57  Marine x2  
  44  5:07  Command Center  
  44  5:26  Marine  
  44  5:27  Marine  
  43  5:44  Marine  
  43  5:45  Marine  
  45  6:01  Liberator x2  
  45  6:02  Marine  
  43  6:22  Hellion  
  45  6:27  Engineering Bay  
  45  6:40  Marine  
  45  6:41  Marine  
  47  6:47  Liberator x2  
  47  6:58  Marine  
  54  7:10  Terran Infantry Weapons Level 1  
  54  7:25  Marine x2  
  38  8:06  Marine x2  
  38  8:09  Hellion x2  
  44  8:24  Marine x2  
  46  8:30  Hellion x2  
  50  8:42  Marine x2  
  52  8:51  Viking x2  
  50  8:57  Widow Mine x2  
  50  8:59  Marine  
  49  9:18  Planetary Fortress  
  49  9:24  Bunker  
  49  9:37  SCV  
  50  9:49  SCV  
  51  10:01  SCV  
  51  10:02  Bunker  
  51  10:05  SCV  
  53  10:13  SCV  
  54  10:17  SCV  
  55  10:25  SCV  
  56  10:29  SCV  
  56  10:33  Widow Mine  
  56  10:34  Widow Mine  
  61  10:37  SCV  
  61  10:41  SCV  
  63  10:53  Viking x2  
  63  10:57  Widow Mine  
  69  11:18  SCV  
  70  11:19  SCV  
  45  11:30  SCV  
  46  11:37  Refinery  
  46  11:38  Refinery  
  46  11:45  Viking x2  
  50  11:47  Marine x2  
  50  11:53  SCV x2  
  50  11:55  Command Center  
  48  12:05  Marine x2, SCV x2  
  52  12:09  Hi-Sec Auto Tracking  
  52  12:14  Armory  
  52  12:17  SCV  
  52  12:22  Marine  
  52  12:23  Marine, Starport  
  50  12:40  Marine  
  50  12:41  Marine  
  50  12:43  Missile Turret x2  
  52  12:46  Missile Turret  
  52  12:57  Widow Mine, Missile Turret x2  
  52  12:58  Marine, Widow Mine  
  56  12:59  Marine  
  56  13:01  Starport Reactor  
  56  13:04  Terran Vehicle Weapons Level 1  
  58  13:21  Missile Turret  
  58  13:26  Command Center, Missile Turret  
  58  13:42  Viking  
  58  13:43  Viking x3  
  58  13:47  Marine  
  58  13:48  Marine  
  68  13:58  Terran Infantry Armor Level 1  
  68  14:28  Factory Tech Lab  
  68  14:32  Missile Turret  
  68  14:35  Viking x3  
  68  14:36  Viking  
  76  14:56  Missile Turret  
  75  15:17  Missile Turret  
  75  15:18  Missile Turret  
  75  15:19  Missile Turret  
  55  15:49  Marine x2  
  57  15:51  Missile Turret  
  57  15:53  Viking x2  
  57  15:54  Viking x2  
  57  15:55  Terran Vehicle Weapons Level 2  
  65  15:59  Siege Tank  
  65  16:02  Command Center  
  68  16:16  Marine x2  
  70  16:23  Viking  
  72  16:50  Marine x2  
  74  17:01  Siege Tank  
  74  17:03  Command Center  
  74  17:08  Marine x2  
  79  17:46  Siege Tank  
  79  17:51  Command Center  
  82  17:57  Planetary Fortress  
  82  18:27  Missile Turret  
  82  18:29  Missile Turret x2  
  82  18:49  Refinery  
  82  18:53  Refinery  
  82  18:57  Command Center  
  82  19:00  Viking x2  
  82  19:01  Viking  
  88  19:09  Marine x2  
  84  19:27  Marine  
  79  19:32  Medivac x4  
  87  19:43  Marine  
  87  19:45  Marine  
  77  20:01  Marine  
  77  20:02  Marine, Medivac  
  69  20:09  Planetary Fortress  
  69  20:12  Planetary Fortress  
  69  20:14  SCV x2  
  69  20:19  Marine, Refinery  
  69  20:20  Marine  
  72  20:26  SCV x2  
  74  20:37  Marine  
  74  20:38  SCV x2  
  77  20:50  SCV x2  
  77  20:53  SCV  
  80  20:57  SCV  
  80  21:02  SCV x2  
  80  21:03  Missile Turret x2  
  83  21:14  Planetary Fortress, SCV  
  83  21:15  SCV  
  83  21:23  Marine  
  83  21:24  Marine  
  84  21:26  SCV  
  84  21:31  Viking  
  86  21:41  Marine, Missile Turret x2  
  86  21:42  Marine  
  86  21:50  Viking  
  83  21:59  Marine x2  
  56  22:17  Marine x2  
  51  22:35  Marine x2  
  44  22:52  Marine  
  44  22:53  Marine  
  29  23:31  Viking  
  35  23:34  Marine  
  35  23:35  Marine  
Tags
 
Add a new tag
Caveats
  • Supply blocks, unpowered buildings, or Contaminate may cause inaccurate times.
  • Supply counts are checked every 10 seconds.